 Dungeon Crawl Stone Soup version 0.29-a0-322-g68df515428 (webtiles) character file.

Game seed: 13975330343676434235

628 bran24 the Grave Robber (level 7, -2/48 HPs)
             Began as a Vampire Necromancer on Apr 5, 2022.
             Slain by an orc warrior
             ... wielding a +0 flail
              (6 damage)
             ... on level 6 of the Dungeon on Apr 7, 2022.
             The game lasted 00:40:43 (2405 turns).

bran24 the Grave Robber (Vampire Necromancer)       Turns: 2405, Time: 00:40:44

Health: -2/48      AC:  3    Str:  9    XL:     7   Next: 23%
Magic:  13/13      EV: 13    Int: 17    God:
Gold:   64         SH:  5    Dex: 15    Spells: 11/14 levels left

rFire   . . .      SeeInvis +   k - +1 flail (flame)
rCold   . . .      Faith    .   (no shield)
rNeg    . . .      Spirit   .   a - +0 robe
rPois   .          Reflect  +   l - +0 helmet
rElec   .          Harm     .   (no cloak)
rCorr   .          Rampage  .   (no gloves)
Will    .....                   (no boots)
Stlth   +++.......              n - amulet of reflection
HPRegen 0.36/turn               (no ring)
MPRegen 0.13/turn               (no ring)

@: about to teleport, healing quickly
A: alive, fangs 3, see invisible, vampiric 2
a: Exsanguinate


You were on level 6 of the Dungeon.
You visited 1 branch of the dungeon, and saw 6 of its levels.
You also visited: Sewer.

You collected 64 gold pieces.

Inventory:

Hand Weapons
 c - a +0 mace
 d - a +0 club
 e - a +0 flail
 g - a +0 scythe
 i - a +0 giant club
 k - a +1 flail of flaming (weapon)
Missiles
 o - 2 boomerangs
Armour
 a - a +0 robe (worn)
 j - a +0 robe
 l - a +0 helmet (worn)
Jewellery
 n - an amulet of reflection (around neck)
Wands
 b - a wand of iceblast (4)
 p - a wand of acid (10)
Scrolls
 f - 2 scrolls of teleportation
 h - a scroll of blinking
 m - a scroll of torment


   Skills:
 + Level 1.3 Fighting
 + Level 2.3 Maces & Flails
 + Level 3.5 Dodging
 + Level 3.9 Stealth
 + Level 0.9 Shields
 + Level 4.2 Spellcasting
 + Level 0.3 Hexes
 + Level 6.5 Necromancy


You had 11 spell levels left.
You knew the following spells:

 Your Spells              Type           Power      Damage    Failure   Level
a - Pain                  Necr           100%       1d9       1%          1
b - Slow                  Hex            16%        N/A       14%         1
c - Animate Skeleton      Necr           50%        N/A       1%          1

Your spell library contained the following spells:

 Spells                   Type           Power      Damage    Failure   Level
 Vampiric Draining        Necr           25%        2d7       3%          3
 Animate Dead             Necr           12%        N/A       11%         4
 Agony                    Necr           25%        N/A       30%         5
 Confusing Touch          Hex            4%         N/A       38%         3


Dungeon Overview and Level Annotations

Branches:
Dungeon (5/15)              Sewer (visited)
 Temple: D:4-7

Altars:
Kikubaaqudgha
Zin

Annotations:
D:5 Dowan, Duvessa


Innate Abilities, Weirdness & Mutations

Your natural rate of healing is accelerated.
You have razor-sharp teeth.
You have supernaturally acute eyesight. (SInv)
You are afflicted with vampirism and can become a bat while bloodless.


Message History

You hit the plant.
The plant begins to die.
You burn the plant.
The plant is lightly damaged.
A nearby plant withers and dies.
You enter the shallow water.
Moving in this stuff is going to be slow.
There is a shaft here.
You fall into a shaft and drop 2 floors!
The shaft crumbles and collapses.
The orc wizard shouts!
The orc shouts!
You hear a croak.
The orc wizard shouts!
You sock the orc! You burn the orc.
You kill the orc!
A bullfrog comes into view.
You barely miss the orc wizard.
The orc warrior hits you with a +0 flail!
The orc wizard gestures at you while chanting.
The magic dart hits you!
You hit the orc wizard. You burn the orc wizard.
The orc wizard is moderately wounded.
You block the orc warrior's attack. The orc wizard completely misses you.
You sock the orc wizard! You burn the orc wizard.
The orc wizard is almost dead.
You block the orc wizard's attack. The orc warrior barely misses you.
The orc warrior hits you with a +0 flail!
The orc wizard hits you with a +0 dagger.
* * * LOW HITPOINT WARNING * * *
The orc wizard mumbles some strange words.
The orc wizard flickers and vanishes for a moment.
You aren't carrying any potions.
As you read the scroll of teleportation, it crumbles to dust.
You feel strangely unstable.
The orc warrior hits you with a +0 flail!
* * * LOW HITPOINT WARNING * * *
You block the orc wizard's attack.
The orc wizard attacks as you move away!
The orc wizard misses you.
The orc wizard mumbles some strange words.
The orc wizard flickers and vanishes for a moment.
The orc warrior attacks as you move away!
The orc warrior hits you with a +0 flail.
You die...

.## #
.....#####.#
.......@ooo#
####.####..#
F.# .## .#
.# .# ..


You could see an orc warrior and 2 orc wizards.

Vanquished Creatures
  Sigmund (D:4)
  A black bear (D:4)
  2 bullfrogs (Sewer)
  3 howler monkeys (D:4)
  2 adders (Sewer)
  2 gnolls (D:4)
  A worm (D:3)
  A dart slug (D:3)
  4 orcs
  3 bats
  4 endoplasms (D:3)
  11 giant cockroaches
  A goblin (D:4)
  A hobgoblin (D:1)
  10 jackals (D:4)
  2 kobolds (D:4)
  4 quokkas
  4 ball pythons
  8 frilled lizards
  A rat (D:2)
66 creatures vanquished.

Vanquished Creatures (collateral kills)
  Robin (D:4)
  8 goblins (D:4)
  3 hobgoblins (D:4)
12 creatures vanquished.

Vanquished Creatures (others)
  A fungus (D:4)
  6 plants (D:4)
7 creatures vanquished.

Grand Total: 85 creatures vanquished

Notes
Turn   | Place    | Note
-------+----------+-------------------------------------------
     0 | D:1      | bran24 the Vampire Necromancer began the quest for the Orb.
     0 | D:1      | Reached XP level 1. HP: 13/13 MP: 3/3
   387 | D:3      | Reached XP level 2. HP: 11/19 MP: 3/5
   561 | D:3      | Upgraded the game from 0.29-a0-321-gf1c400731a to
                  | 0.29-a0-322-g68df515428
   676 | D:4      | Found a glowing drain.
   695 | Sewer    | Entered a sewer
   797 | Sewer    | Gained mutation: You are afflicted with vampirism and can
                  | become a bat while bloodless. [Vampire growth]
   797 | Sewer    | Reached XP level 3. HP: 21/24 MP: 4/6
   818 | Sewer    | Reached skill level 5 in Necromancy
  1111 | Sewer    | Noticed a bullfrog
  1125 | Sewer    | Killed a bullfrog
  1126 | Sewer    | Reached XP level 4. HP: 11/30 MP: 0/8
  1214 | Sewer    | Noticed a bullfrog
  1221 | Sewer    | Killed a bullfrog
  1222 | Sewer    | Reached skill level 6 in Necromancy
  1222 | Sewer    | Reached XP level 5. HP: 20/35 MP: 2/10
  1400 | D:4      | Noticed a black bear
  1565 | D:5      | Entered Level 5 of the Dungeon
  1565 | D:5      | Noticed Duvessa
  1565 | D:5      | Noticed Dowan
  1611 | D:4      | Learned a level 1 spell: Slow
  1616 | D:4      | Learned a level 1 spell: Animate Skeleton
  1737 | D:4      | Reached XP level 6. HP: 9/42 MP: 3/11
  1792 | D:4      | Noticed Sigmund
  1798 | D:4      | HP: 2/42 [Sigmund/+0 scythe (5)]
  1893 | D:4      | Reached skill level 1 in Maces & Flails
  2009 | D:4      | Found an ancient bone altar of Kikubaaqudgha.
  2057 | D:4      | Noticed Robin
  2060 | D:4      | Killed Robin
  2124 | D:4      | Reached skill level 1 in Fighting
  2146 | D:4      | Killed Sigmund
  2147 | D:4      | Reached XP level 7. HP: 31/48 MP: 11/13
  2398 | D:4      | You fall into a shaft and drop 2 floors!
  2405 | D:6      | Slain by an orc warrior

Illustrated notes

Levels and vault maps discovered:
D:1:      minmay_arrival_four_houses, layout_basic, amethyst_killhole,
          minmay_domino_2
D:2:      layout_rooms, shapermc_ecumenical_altar_flowoftime,
          nicolae_elevator_lobby_asterisk
D:3:      layout_loops_ring
D:4:      lemuel_castle_with_subvaults [lemuel_castle_interior_carwin_1],
          layout_gridville, mainiacjoe_overflow_tiny_flanked,
          kennysheep_little_box, old_standard_altar,
          cheibrodos_sewer_entry_drain, uniq_robin, uniq_sigmund
D:5:      layout_cave_pods, led_sif_book, uniq_blork_the_orc, uniq_duvessa
D:6:      layout_loops_ring, trog_ov_bears_minmay

Skill      XL: |  1  2  3  4  5  6  7 |
---------------+----------------------+-----
Necromancy     | 5 6 |  6.5
Spellcasting   | 3 4 |  4.2
Maces & Flails | 1 2 |  2.3
Dodging        | 3 |  3.5
Fighting       | 1 |  1.3
Stealth        | |  3.9
Shields        | |  0.9
Hexes          | |  0.3

Action                   |  1- 3 |  4- 6 |  7- 9 || total
-------------------------+-------+-------+-------++-------
Melee: Mace              |    17 |       |       ||    17
       Unarmed           |     2 |       |       ||     2
       Bite              |     2 |    11 |       ||    13
       Flail             |       |    66 |    27 ||    93
       Punch             |       |     2 |       ||     2
 Cast: Pain              |    67 |    34 |       ||   101
       Animate Skeleton  |       |     5 |       ||     5
       Slow              |       |     2 |       ||     2
 Abil: Exsanguinate      |       |     1 |       ||     1
  Use: Potion            |       |     3 |       ||     3
       Scroll            |       |     6 |     1 ||     7
 Stab: Distracted        |       |     2 |       ||     2
Armor: Robe              |     5 |    19 |     2 ||    26
Dodge: Dodged            |    47 |   116 |     8 ||   171
Block: Other             |       |    25 |     5 ||    30

Table legend: (Time is in decaauts)
 A = Elapsed time spent in this place.
 B = Non-inter-level travel time spent in this place.
 C = Inter-level travel time spent in this place.
 D = Time resting spent in this place.
 E = Time spent auto-exploring this place.
 F = Levels seen in this place.
 G = Mean time per level.
                   A        B        C        D        E       F      G
               +--------+--------+--------+--------+--------+-----+--------+
         Total |   2550 |   2161 |    389 |    596 |      0 |   7 |  364.3 |
       Dungeon |   1763 |   1374 |    389 |    301 |      0 |   6 |  293.8 |
         Sewer |    787 |    787 |      0 |    295 |      0 |   1 |  787.0 |
               +--------+--------+--------+--------+--------+-----+--------+

Top non-repeatable levels by time:
     D:4: 1091 daAuts
   Sewer: 787 daAuts
     D:3: 306 daAuts
     D:1: 216 daAuts
     D:2: 139 daAuts
     D:6: 7 daAuts
     D:5: 1 daAuts
